 Dungeon Crawl Stone Soup version 0.29-a0-207-gf982a884d8 (webtiles) character file.

Game seed: 11456454217986722538

382 lunkers the Shooter (level 6, 0/48 HPs)
             Began as a Demigod Hunter on Feb 24, 2022.
             Slain by a hound (4 damage)
             ... on level 4 of the Dungeon.
             The game lasted 00:04:51 (2963 turns).

lunkers the Shooter (Demigod Hunter)                Turns: 2963, Time: 00:04:51

Health: 0/48       AC:  3    Str: 19    XL:     6   Next: 22%
Magic:  8/8        EV: 12    Int: 13    God:
Gold:   191        SH:  0    Dex: 22    Spells: 5/5 levels left

rFire   . . .      SeeInvis .   a - +1 shortbow
rCold   . . .      Faith    .   (shield currently unavailable)
rNeg    + . .      Spirit   .   b - +0 leather armour
rPois   .          Reflect  .   (no helmet)
rElec   .          Harm     .   (no cloak)
rCorr   .          Rampage  .   (no gloves)
Will    .....                   (no boots)
Stlth   ++........              (no amulet)
HPRegen 0.16/turn               j - ring of positive energy
MPRegen 0.11/turn               o - +6 ring of strength

@: no status effects
A: high MP 1, forlorn, divine attributes
a: no special abilities


You were on level 4 of the Dungeon.
You visited 1 branch of the dungeon, and saw 4 of its levels.

You collected 191 gold pieces.

Inventory:

Hand Weapons
 a - a +1 shortbow (weapon)
 u - a +0 short sword of electrocution
Missiles
 l - a throwing net
Armour
 b - a +0 leather armour (worn)
Jewellery
 j - a ring of positive energy (left hand)
 o - a +6 ring of strength (right hand)
Scrolls
 e - 4 scrolls of noise {unknown}
 f - 2 scrolls of identify {unknown}
 g - 3 scrolls of blinking {unknown}
 k - a scroll of teleportation {unknown}
 n - a scroll of amnesia {unknown}
 p - a scroll of fear {unknown}
 t - a scroll of vulnerability {unknown}
Potions
 c - a potion of ambrosia {unknown}
 d - a potion of heal wounds {unknown}
 h - 2 potions of brilliance {unknown}
 i - 3 potions of degeneration {unknown}
 m - 2 potions of invisibility {unknown}
 q - a potion of haste {unknown}
 r - a potion of curing {unknown}
 s - a potion of flight {unknown}


   Skills:
 - Level 1.7 Fighting
 * Level 7.2 Bows
 - Level 1.7 Dodging
 - Level 0.8 Stealth


You had 5 spell levels left.
You didn't know any spells.
Your spell library was empty.

Dungeon Overview and Level Annotations

Branches:
Dungeon (4/15)
 Temple: D:4-7

Shops:
D:1 [


Innate Abilities, Weirdness & Mutations

You have an increased reservoir of magic. (+10% MP)
You shall have no god before yourself.
Your divine heritage dramatically boosts your attributes as you level up.


Message History

* * * LOW HITPOINT WARNING * * *
The hound bites you but does no damage. The ogre barely misses you.
The hound bites you.
* * * LOW HITPOINT WARNING * * *
Shoot: a) +1 shortbow
Press: ? - help, Q - select action, (/) - cycle Shift-Dir - straight line, f/p - ogre
Aim: an ogre, wielding a +0 giant spiked club (severely wounded, 79% to hit)
You shoot an arrow. The arrow hits the hound!
The hound is heavily wounded.
The hound closely misses you. The hound bites you but does no damage.
Unknown command.
Shoot: a) +1 shortbow
Press: ? - help, Q - select action, (/) - cycle Shift-Dir - straight line, f/p - ogre
Aim: an ogre, wielding a +0 giant spiked club (severely wounded, 79% to hit)
You shoot an arrow. The arrow closely misses the hound.
The arrow hits the ogre!
The ogre is almost dead.
The hound bites you but does no damage.
Unknown command.
Shoot: a) +1 shortbow
Press: ? - help, Q - select action, (/) - cycle Shift-Dir - straight line, f/p - ogre
Aim: an ogre, wielding a +0 giant spiked club (almost dead, 79% to hit)
You shoot an arrow. The arrow hits the hound.
The hound is severely wounded.
The hound barely misses you. x2
Shoot: a) +1 shortbow
Press: ? - help, Q - select action, (/) - cycle Shift-Dir - straight line, f/p - ogre
Aim: an ogre, wielding a +0 giant spiked club (almost dead, 79% to hit)
You shoot an arrow.
The arrow hits the hound but does no damage.
The hound is severely wounded.
The hound bites you but does no damage. The hound barely misses you.
Shoot: a) +1 shortbow
Press: ? - help, Q - select action, (/) - cycle Shift-Dir - straight line, f/p - ogre
Aim: an ogre, wielding a +0 giant spiked club (almost dead, 79% to hit)
You shoot an arrow. The arrow barely misses the hound.
The arrow hits the ogre.
You kill the ogre!
The hound bites you.
You die...

#..#.###.#.....#.....#........#
#..#..######+####....#.#......#
#..'...## ....# #...'.###.....
#..#....## ....###..#.# #.####
#..#.....## ....###.#.#####...
#..##.....## ....####.....+...
#..###.....# .... ##.#####...
#..#####'#######'####......#...
#.............@h).........)#...
#.#######....#####.........#...
#...........## #.........#...
#########...# #.............
#...# #####......... #####
#......... #.........
#.>..<.... #.........


You could see a hound.

Vanquished Creatures
  3 ogres
  A phantom (D:4)
  A jelly (D:4)
  An iguana (D:4)
  2 adders (D:2)
  2 dart slugs
  4 ball pythons (D:1)
  8 endoplasms
  3 giant cockroaches
  8 goblins
  6 hobgoblins
  8 jackals (D:1)
  A quokka (D:1)
  5 bats
  2 frilled lizards
  5 kobolds
  2 rats
62 creatures vanquished.

Notes
Turn   | Place    | Note
-------+----------+-------------------------------------------
     0 | D:1      | lunkers the Demigod Hunter began the quest for the Orb.
     0 | D:1      | Reached XP level 1. HP: 17/17 MP: 3/3
    94 | D:1      | Reached skill level 4 in Bows
   171 | D:1      | Reached XP level 2. HP: 24/24 MP: 4/4
   271 | D:1      | Found Foeqyamoh's Armour Shoppe.
   733 | D:2      | Reached XP level 3. HP: 29/29 MP: 5/5
  1204 | D:2      | Reached skill level 5 in Bows
  1723 | D:3      | Noticed an ogre
  1730 | D:3      | Killed an ogre
  1731 | D:3      | Reached XP level 4. HP: 10/36 MP: 6/6
  2004 | D:3      | Reached skill level 6 in Bows
  2010 | D:3      | Reached XP level 5. HP: 41/41 MP: 7/7
  2283 | D:4      | Noticed an ogre
  2288 | D:4      | Killed an ogre
  2581 | D:4      | Reached skill level 7 in Bows
  2581 | D:4      | Reached XP level 6. HP: 11/48 MP: 8/8
  2963 | D:4      | Slain by a hound

Illustrated notes

Levels and vault maps discovered:
D:1:      elethiomel_arrival_infinity_welcomes_careful_drivers, layout_basic,
          serial_shops, shop_fountains
D:2:      layout_loops_corners, hellmonk_ecumenical_altar_crossroads,
          eino_tiny_chamber
D:3:      layout_rooms, feat_on_display
D:4:      nicolae_cairo_tiling, layout_basic, minmay_quadrilaterals

Skill      XL: |  1  2  3  4  5 |
---------------+----------------+-----
Bows           | 4 5 6 7 |  7.2
Fighting       | |  1.7
Dodging        | |  1.7
Stealth        | |  0.8

Action                   |  1- 3 |  4- 6 || total
-------------------------+-------+-------++-------
 Fire: Shortbow          |   128 |    66 ||   194
Armor: Leather armour    |    13 |    13 ||    26
Dodge: Dodged            |    26 |    21 ||    47

Table legend: (Time is in decaauts)
 A = Elapsed time spent in this place.
 B = Non-inter-level travel time spent in this place.
 C = Inter-level travel time spent in this place.
 D = Time resting spent in this place.
 E = Time spent auto-exploring this place.
 F = Levels seen in this place.
 G = Mean time per level.
                   A        B        C        D        E       F      G
               +--------+--------+--------+--------+--------+-----+--------+
         Total |   3015 |   2918 |     97 |    332 |   2213 |   4 |  753.8 |
       Dungeon |   3015 |   2918 |     97 |    332 |   2213 |   4 |  753.8 |
               +--------+--------+--------+--------+--------+-----+--------+

Top non-repeatable levels by time:
     D:2: 866 daAuts
     D:4: 821 daAuts
     D:1: 748 daAuts
     D:3: 578 daAuts
